 Dungeon Crawl Stone Soup version 0.21.1-1-g345015fe64 (webtiles) character file.

1230 Loge the Transmogrifier (level 8, -7/59 HPs)
             Began as a Black Draconian Transmuter on July 16, 2018.
             Was an Initiate of Makhleb.
             Shot with an arrow by a centaur (12 damage)
             ... on level 6 of the Dungeon.
             The game lasted 00:28:18 (7336 turns).

Loge the Transmogrifier (DrTm)                      Turns: 7336, Time: 00:28:19

Health: -7/59      AC:  2    Str: 12    XL:     8   Next: 24%
Magic:  9/11       EV: 19    Int: 15    God:    Makhleb [......]
Gold:   209        SH:  0    Dex: 18    Spells: 0/11 levels left

rFire    x . .     SeeInvis .     - Unarmed
rCold    + . .     Gourm    .   (shield currently unavailable)
rNeg     . . .     Faith    .   (armour unavailable)
rPois    x         Spirit   .   (helmet currently unavailable)
rElec    .         Reflect  .   (cloak currently unavailable)
rCorr    .         Harm     .   (gloves currently unavailable)
MR       .....                  (boots currently unavailable)
Stlth    ++........             q - amulet of rage
HPRegen  0.19/turn              h - ring of ice
MPRegen  0.12/turn              (no ring)

@: spider-form (expiring)
A: tiny, (breathe lightning), unfitting armour, AC +6
a: End Transformation, Renounce Religion, Evoke Berserk Rage


You were on level 6 of the Dungeon.
You worshipped Makhleb.
Makhleb was noncommittal.
You were not hungry.
You were a venomous arachnid creature.
You visited 2 branches of the dungeon, and saw 7 of its levels.

You collected 209 gold pieces.

Inventory:

Missiles
 a - 153 arrows
 e - 19 poisoned needles
 j - 200 stones (quivered)
Armour
 g - a +0 cloak (melded)
Jewellery
 h - a ring of ice (left front leg)
 q - an amulet of rage (around neck)
Wands
 n - a wand of acid (6)
 u - a wand of flame (19)
 w - a wand of random effects (24)
Scrolls
 d - a scroll of random uselessness {unknown}
 f - 2 scrolls of teleportation
 i - 3 scrolls of magic mapping {unknown}
 m - 3 scrolls of identify
 o - 2 scrolls of blinking {unknown}
 p - 2 scrolls of fog {unknown}
 r - 2 scrolls of enchant weapon {unknown}
 s - a scroll of fear {unknown}
 y - a scroll of remove curse {unknown}
 z - a scroll of amnesia {unknown}
Potions
 k - a potion of heal wounds
 l - 2 potions of lignification
 t - a potion of flight
 v - a potion of brilliance {unknown}
 x - a potion of might {unknown}
 B - a potion of curing {unknown}
Books
 b - a book of Changes

   Spells                             Type                      Level
   a - Beastly Appendage              Transmutation                1
   b - Sticks to Snakes               Transmutation                2
   c - Spider Form                    Transmutation/Poison         3
   d - Ice Form                       Ice/Transmutation            4
   e - Blade Hands                    Transmutation                5
Comestibles
 c - 6 rations
 A - 5 chunks of flesh


   Skills:
 - Level 1.1 Fighting
 - Level 1.7 Dodging
 + Level 6.3 Unarmed Combat
 + Level 2.4 Spellcasting
 * Level 8.2 Transmutations


You couldn't memorise any spells.
You knew the following spells:

 Your Spells              Type           Power        Failure   Level  Hunger
a - Beastly Appendage     Tmut           ####..       4%          1    #......
b - Sticks to Snakes      Tmut           ####....     5%          2    ###....
c - Spider Form           Tmut/Pois      ##........   28%         3    ###....
d - Blade Hands           Tmut           ####......   38%         5    ######.


Dungeon Overview and Level Annotations

Branches:
Dungeon (6/15)             Temple (1/1) D:6

Altars:
Ashenzari
Dithmenos
Fedhas
Gozag
Hepliaklqana
Kikubaaqudgha
Makhleb
Nemelex Xobeh
Okawaru
Qazlal
Ru
Sif Muna
Trog
Uskayaw
Vehumet
Wu Jian
Xom
Yredelemnul
Zin

Shops:
D:4 (


Innate Abilities, Weirdness & Mutations

((You can breathe wild blasts of lightning.))
((Your glossy black scales are hard. (AC +6)))
You cannot fit into any form of body armour.
((You are resistant to electric shocks. (rElec)))
((You are cold-blooded and may be slowed by cold attacks.))


Message History

The jelly is heavily wounded.
The centaur hits you from afar with an uncursed spear.
* * * LOW HITPOINT WARNING * * *
The jelly misses you.
You hit the jelly but do no damage.
Your front legs burn!
* * * LOW HITPOINT WARNING * * *
The jelly is heavily wounded.
The centaur hits you but does no damage.
The jelly completely misses you. The centaur misses you.
The jelly closely misses you.
The centaur shoots an arrow.
The arrow misses you.
Your transformation is almost over.
The centaur unwields an uncursed spear.
The centaur wields an uncursed shortbow.
The centaur shoots an arrow.
The arrow hits you!
* * * LOW HITPOINT WARNING * * *
You see here an arrow.
You see here an arrow.
The centaur shoots an arrow.
The arrow hits you!
You die...

#.#.......... .
#.#..######## # #....#
#
############.#########
# #.......#
#.......... #
#.......# #..#######.
# #.......# #..# #.###
#.......####..# #.#..
#.....J(s>....# #.#.#
#....c..#####.# #...#
#.c.....# #.# ###.#
#.####### #.# #.. #.#
#.# ### #c### #)# #
#...# #)# # ###.# #.#
# #c# #.......... .


You could see 2 centaurs and a jelly.

Vanquished Creatures
  The ghost of Htamos the Charmwright, an amateur DESk of Cheibriados (D:3)
  A water moccasin (D:3)
  An ogre (D:5)
  2 centaurs
  A scorpion (D:5)
  2 howler monkeys
  3 crimson imps
  A bullfrog skeleton (D:5)
  An orc priest (D:3)
  2 orc wizards
  2 worker ants
  A hound skeleton (D:4)
  Robin (D:4)
  6 adders
  7 gnolls
  A shadow imp (D:5)
  4 oozes
  2 worms
  5 leopard geckos
  12 orcs
  A ball python (D:6)
  4 giant cockroaches
  7 goblins
  16 hobgoblins
  5 jackals
  2 quokkas (D:3)
  14 bats
  5 frilled lizards
  12 kobolds
  5 rats
127 creatures vanquished.

Vanquished Creatures (collateral kills)
  An ogre (D:4)
  3 worker ants (D:4)
  A dart slug (D:4)
5 creatures vanquished.

Grand Total: 132 creatures vanquished

Notes
Turn   | Place    | Note
-------+----------+-------------------------------------------
     0 | D:1      | Loge the Draconian Transmuter began the quest for the Orb.
     0 | D:1      | Reached XP level 1. HP: 16/16 MP: 3/3
    40 | D:1      | Reached XP level 2. HP: 11/23 MP: 1/5
    45 | D:1      | Learned a level 2 spell: Sticks to Snakes
   688 | D:1      | Reached skill level 3 in Transmutations
   928 | D:1      | Reached XP level 3. HP: 23/28 MP: 3/6
  1440 | D:2      | Reached XP level 4. HP: 25/35 MP: 5/7
  1487 | D:2      | Found a blossoming altar of Fedhas.
  1776 | D:3      | Noticed Htamos's ghost (amateur DESk)
  1804 | D:3      | Killed Htamos's ghost
  1804 | D:3      | Reached skill level 4 in Transmutations
  1804 | D:3      | Reached XP level 5. HP: 15/40 MP: 6/8
  1807 | D:3      | Noticed a water moccasin
  2001 | D:3      | Learned a level 3 spell: Spider Form
  2030 | D:3      | Killed a water moccasin
  2030 | D:3      | Reached skill level 5 in Transmutations
  2030 | D:3      | Reached XP level 6. HP: 20/47 MP: 9/9
  3278 | D:4      | Reached skill level 6 in Transmutations
  3346 | D:4      | You fall through a shaft!
  3346 | D:5      | Entered Level 5 of the Dungeon
  3479 | D:4      | Reached skill level 5 in Unarmed Combat
  3702 | D:4      | Found Aloyzi's Antique Weapon Shoppe.
  3721 | D:4      | Found a sacrificial altar of Ru.
  4129 | D:4      | Noticed Robin
  4148 | D:4      | Killed Robin
  4152 | D:4      | Your scales start taking on a glossy black colour.
  4152 | D:4      | Reached XP level 7. HP: 36/52 MP: 5/10
  4152 | D:4      | Gained mutation: You are resistant to electric shocks. (rElec) [Black Draconian growth]
  5026 | D:5      | Reached skill level 7 in Transmutations
  6392 | D:5      | Reached XP level 8. HP: 53/59 MP: 3/11
  6545 | D:6      | Learned a level 5 spell: Blade Hands
  6681 | D:6      | Found a staircase to the Ecumenical Temple.
  6710 | D:6      | Reached skill level 8 in Transmutations
  6719 | Temple   | Entered the Ecumenical Temple
  6890 | Temple   | Became a worshipper of Makhleb the Destroyer
  7336 | D:6      | Shot with an arrow by a centaur

Skill      XL: |  1  2  3  4  5  6  7  8 |
---------------+-------------------------+-----
Transmutations | 3 4 5 6 7 8 |  8.2
Unarmed Combat | 4 5 6 |  6.3
Fighting       | |  1.1
Dodging        | |  1.7
Spellcasting   | |  2.4

Action                   |  1- 3 |  4- 6 |  7- 9 || total
-------------------------+-------+-------+-------++-------
Melee: Unarmed           |   134 |   192 |   165 ||   491
       Headbutt          |     6 |    14 |    11 ||    31
       Punch             |     5 |     2 |     5 ||    12
       Tailslap          |     7 |    12 |    13 ||    32
       Kick              |     5 |    16 |     8 ||    29
Throw: Stone             |       |     1 |       ||     1
 Cast: Beastly Appendage |    32 |    39 |    34 ||   105
       Sticks to Snakes  |       |     7 |    10 ||    17
       Spider Form       |       |     4 |     5 ||     9
 Abil: Breathe Lightning |       |       |     2 ||     2
  Use: Scroll            |       |     3 |     1 ||     4
 Stab: Sleeping          |       |       |     1 ||     1
  Eat: Chunk             |     2 |    11 |     9 ||    22
       Ration            |       |       |     1 ||     1
Armor: Skin              |    52 |    80 |    38 ||   170
Dodge: Dodged            |   124 |   113 |   108 ||   345
